 Dungeon Crawl Stone Soup version 0.32-a0-540-g866d13106e (webtiles) character file.

Game seed: 7807252119506784800

214 adelrune the Shooter (level 5, -2/39 HPs)
             Began as a Coglin Hexslinger on Feb 28, 2024.
             Killed by divine providence
             ... invoked by an orc priest
              (13 damage)
             ... on level 4 of the Dungeon.
             The game lasted 00:05:31 (2434 turns).

adelrune the Shooter (Coglin Hexslinger)            Turns: 2434, Time: 00:05:31

Health: -2/39      AC:  4    Str:  8    XL:     5   Next: 91%
Magic:  6/6        EV: 13    Int: 13    God:
Gold:   189        SH:  0    Dex: 18    Spells: 4/6 levels left

rFire   . . .        a - +1 sling {Siegfried}
rCold   . . .        n - +0 sling {Santos}
rNeg    . . .        c - +0 robe
rPois   .            o - +0 helmet
rElec   .            (no cloak)
rCorr   .            m - +0 pair of gloves
SInv    .            (no boots)
Will    .....        (no amulet)
Stlth   ++           (ring unavailable)
HPRegen 0.26/turn    (ring unavailable)
MPRegen 0.10/turn

%: no passive effects
@: revving
A: off-hand wielding, slow wielding, warmup strikes, no rings
a: Convert to Beogh


You were on level 4 of the Dungeon.
You visited 1 branch of the dungeon, and saw 4 of its levels.

You collected 189 gold pieces.

Inventory:

Hand Weapons
 a - a +1 sling (weapon) {Siegfried}
 n - a +0 sling (offhand) {Santos}
Armour
 c - a +0 robe (worn)
 m - a +0 pair of gloves (worn)
 o - a +0 helmet (worn)
Scrolls
 b - 2 scrolls of poison
 d - 2 scrolls of identify {unknown}
 f - a scroll of enchant armour {unknown}
 g - 2 scrolls of fog
 h - a scroll of vulnerability {unknown}
 i - a scroll of teleportation
 j - a scroll of blinking {unknown}
 l - a scroll of fear
 r - a scroll of revelation {unknown}
 u - a scroll of immolation {unknown}
Potions
 e - 2 potions of attraction {unknown}
 k - a potion of berserk rage {unknown}
 p - 3 potions of lignification {unknown}
 q - a potion of invisibility {unknown}
 t - a potion of degeneration {unknown}


   Skills:
 + Level 2.5 Fighting
 * Level 3.6 Ranged Weapons
 + Level 2.7 Dodging
 - Level 1.0 Spellcasting
 + Level 3.5 Hexes
 - Level 0.8 Fire Magic


You had 4 spell levels left.
You knew the following spells:

 Your Spells              Type           Power      Damage    Failure   Level
a - Jinxbite              Hex            18%        N/A       10%         2

Your spell library contained the following spells:

 Spells                   Type           Power      Damage    Failure   Level
 Sigil of Binding         Hex            9%         N/A       19%         3
 Sandblast                Erth           0%         2d4       28%         1
 Inner Flame              Hex/Fire       6%         N/A       34%         3
 Mercury Vapours          Alch/Air       0%         N/A       38%         2
 Cause Fear               Hex            4%         N/A       54%         4
 Frozen Ramparts          Ice            0%         1d1       63%         3
 Mephitic Cloud           Conj/Alch/Air  0%         N/A       63%         3
 Passwall                 Erth           0%         N/A       63%         3
 Stone Arrow              Conj/Erth      0%         3d7       63%         3
 Dimensional Bullseye     Hex/Tloc       2%         N/A       80%         4
 Brom's Barrelling Bould  Conj/Erth      0%         2d3       95%         4
 Leda's Liquefaction      Alch/Erth      0%         N/A       95%         4
 Petrify                  Alch/Erth      0%         N/A       95%         4
 Metabolic Englaciation   Hex/Ice        2%         N/A       98%         5
 Freezing Cloud           Conj/Ice/Air   0%         6-21      100%        5
 Irradiate                Conj/Alch      0%         3d11      100%        5
 Ignition                 Fire           1%         3d3       100%        8


Dungeon Overview and Level Annotations

Branches:
Dungeon (4/15)
 Temple: D:4-7

Altars:


Innate Abilities, Weirdness & Mutations

You can wield a second weapon in your off-hand.
It takes a long time for you to wield or remove held weapons.
Your first few attacks do less damage.
Your grasper-arms cannot wear rings.


Message History

You shoot a sling bullet.
The sling bullet closely misses the orc priest.
You shoot a sling bullet.
The sling bullet completely misses the orc priest.
The orc priest completely misses you. The orc priest closely misses you.
You shoot a sling bullet. The sling bullet hits the orc priest.
The orc priest is moderately wounded.
You shoot a sling bullet.
The sling bullet closely misses the orc priest.
The orc priest hits you with a +0 club.
You shoot a sling bullet.
The sling bullet hits the orc priest but does no damage.
The orc priest is moderately wounded.
You shoot a sling bullet.
The sling bullet barely misses the orc priest.
The ribbon worm bites you!
The orc priest miscasts a cantrip.
You shoot a sling bullet.
The sling bullet barely misses the orc priest.
You shoot a sling bullet. The sling bullet hits the orc priest.
The orc priest is severely wounded.
The orc priest calls down the wrath of Beogh upon you.
Beogh smites you!
The ribbon worm expels a string of sticky webbing.
The stream of webbing hits you but does no damage.
You are caught in a web!
The orc priest shouts, "The Pantheon deserves no one's loyalty.
Let us show you the true path!" (press Y on the ability menu to convert to Beogh)
The web tears apart.
The orc priest threatens, "Beogh's wrath is as vast as their mercy.
Make your choice!" The orc priest misses you.
The ribbon worm completely misses you.
The orc priest attacks as it pursues you!
The orc priest shouts, "Surrender to Beogh and we'll let you live!"
The orc priest hits you with a +0 club.
* * * LOW HITPOINT WARNING * * *
The orc priest shouts, "Surrender to Beogh and we'll let you live!"
The orc priest barely misses you.
The orc priest mumbles some strange prayers to Beogh against you.
Beogh smites you!
You die...

######>.#.# #.#
..........##.#.#
##########.###.#o#
.........<.##.#.#
#######.####.#o##
#.###.#.##
#.##.#w## #.#.#o##
#.@..## ###.## ###


You could see an orc priest.

Vanquished Creatures
  A jelly (D:3)
  Jessica (D:2)
  Terence (D:3)
  Robin (D:2)
  3 adders
  A ribbon worm (D:4)
  2 dart slugs
  An orc (D:4)
  4 ball pythons
  12 endoplasms
  3 giant cockroaches
  13 goblins
  8 hobgoblins
  10 kobolds
  A quokka (D:1)
  4 ball python skeletons (D:2)
  7 bats
  5 frilled lizards
  A jackal skeleton (D:2)
  2 quokka skeletons (D:2)
  A quokka zombie (D:2)
  3 rats
85 creatures vanquished.

Notes
Turn   | Place    | Note
-------+----------+-------------------------------------------
     0 | D:1      | adelrune the Coglin Hexslinger began the quest for the Orb.
     0 | D:1      | Reached XP level 1. HP: 15/15 MP: 2/2
    63 | D:1      | Reached XP level 2. HP: 21/21 MP: 3/3
   150 | D:1      | Learned a level 2 spell: Jinxbite
   456 | D:2      | Reached XP level 3. HP: 22/26 MP: 4/4
   784 | D:2      | Noticed Robin
   791 | D:2      | Killed Robin
   792 | D:2      | Reached XP level 4. HP: 23/33 MP: 2/5
   876 | D:2      | Noticed Jessica
   880 | D:2      | Killed Jessica
  1331 | D:3      | Found a faded altar of an unknown god.
  1791 | D:3      | Noticed Terence
  1798 | D:3      | Killed Terence
  1799 | D:3      | Reached XP level 5. HP: 38/38 MP: 3/6
  2434 | D:4      | Killed from afar by an orc priest

Illustrated notes

Levels and vault maps discovered:
D:1:      heliophobic_arrival_ceremonial_halls, layout_rooms
D:2:      layout_loops_ring, serial_undead, serial_undead_f, serial_undead_d,
          serial_undead_c, serial_undead_e, uniq_jessica, uniq_robin
D:3:      cheibrodos_fertilizer, layout_loops_corners,
          dreamdust_ecumenical_altar_hidden_monk_grotto, minmay_puff,
          uniq_terence
D:4:      minmay_inner_zag, layout_basic, mainiacjoe_overflow_cross_hatched,
          uniq_duvessa, uniq_ijyb

Skill      XL: |  1  2  3  4 |
---------------+-------------+-----
Ranged Weapons | 2 3 |  3.6
Dodging        | 2 |  2.7
Hexes          | 3 |  3.5
Fighting       | 2 |  2.5
Spellcasting   | |  1.0
Fire Magic     | |  0.8

Action                     |  1- 3 |  4- 6 || total
---------------------------+-------+-------++-------
   Fire: Sling             |   122 |   205 ||   327
   Cast: Jinxbite          |     6 |     6 ||    12
    Use: Scroll            |       |     3 ||     3
 Armour: Robe              |    31 |    15 ||    46
  Dodge: Dodged            |    32 |    26 ||    58

Table legend: (Time is in decaauts)
 A = Elapsed time spent in this place.
 B = Non-inter-level travel time spent in this place.
 C = Inter-level travel time spent in this place.
 D = Time resting spent in this place.
 E = Time spent auto-exploring this place.
 F = Levels seen in this place.
 G = Mean time per level.
                   A        B        C        D        E       F      G
               +--------+--------+--------+--------+--------+-----+--------+
         Total |   2493 |   2442 |     51 |     59 |   1874 |   4 |  623.2 |
       Dungeon |   2493 |   2442 |     51 |     59 |   1874 |   4 |  623.2 |
               +--------+--------+--------+--------+--------+-----+--------+

Top non-repeatable levels by time:
     D:3: 1117 daAuts
     D:2: 921 daAuts
     D:1: 401 daAuts
     D:4: 53 daAuts
